AoeStats
← Pab10

Arena

510020899Analyzed
3v3 RM · 4d ago on Sep 29, 2026· 36m 52s· 6 players
Game mode
Random Map
Map size
Normal (6 player)
Population
200
Speed
Normal
Resources
Standard
Victory
Conquest
Starting age
Dark Age
Ending age
Imperial Age
RankedLock teamsTeams togetherTeam positionsShared explorationLock speedFull tech treeHidden civsTurbo modeCheats
Victory
Defeat
🇦🇷 Khmer · Argentina
1711
+13
🇦🇷 Romans · Argentina
1625
+17
🇦🇷 Celts · Argentina
1455
+24
🇨🇴 Vietnamese · Colombia
1717
-21
🇺🇸 Italians · United States
1635
-18
🇦🇷 Mongols · Argentina
1563
-15
VL Retember
10:55 Feudal Age
14:46 Castle Age
13:11 Double-Bit Axe
13:14 Horse Collar
15:39 Bow Saw
18:49 Wheelbarrow
23:23 Fletching
24:56 Gold Mining
26:14 Hand Cart
27:42 Bodkin Arrow
31:17 Imperial Age
28:32 Loom
28:35 Town Watch
30:07 Fortified Wall
30:23 Masonry
33:09 Chemistry
32:10 Bracer
32:56 Hoardings
33:01 Ballistics
33:12 Siege Engineers
33:49 Stone Mining
VL SlenderMan
10:19 Feudal Age
14:10 Castle Age
14:17 Double-Bit Axe
14:19 Horse Collar
16:06 Bow Saw
21:58 Gold Mining
24:32 Wheelbarrow
30:38 Imperial Age
28:39 Heavy Plow
28:32 Stone Mining
30:04 Hand Cart
31:05 Stone Shaft Mining
31:01 Ballistics
31:01 Fortified Wall
31:12 Fletching
31:54 Loom
33:11 Chemistry
32:07 Bodkin Arrow
33:49 Bracer
33:49 Padded Archer Armor
Pab10
9:42 Feudal Age
13:45 Castle Age
12:00 Double-Bit Axe
12:19 Horse Collar
13:07 Stone Mining
14:54 Fletching
15:01 Loom
18:04 Bodkin Arrow
23:16 Town Watch
24:12 Wheelbarrow
23:52 Bow Saw
26:51 Wheelbarrow
29:52 Fortified Wall
32:14 Gold Mining
33:32 Hand Cart
34:31 Stone Shaft Mining
36:10 Gold Shaft Mining
39:47 Imperial Age
fassu
10:49 Feudal Age
14:28 Castle Age
12:46 Double-Bit Axe
16:22 Bow Saw
16:55 Horse Collar
19:49 Scale Mail Armor
20:08 Gold Mining
20:43 Gambesons
22:18 Forging
24:15 Town Watch
25:06 Wheelbarrow
29:08 Imperial Age
27:45 Loom
28:32 Chain Mail Armor
29:23 Capped Ram
30:34 Conscription
30:48 Plate Mail Armor
31:23 Stone Mining
32:17 Iron Casting
31:47 Arson
31:50 Elite Woad Raider
34:17 Stone Shaft Mining
38:25 Blast Furnace
[SEID] Aletheia
9:20 Feudal Age
13:33 Castle Age
11:24 Loom
13:40 Castle Age
13:47 Double-Bit Axe
15:13 Bow Saw
22:02 Ballistics
22:06 Clinker Construction
31:20 Wheelbarrow
31:24 Fortified Wall
36:27 Imperial Age
35:16 Hand Cart
35:24 Hand Cart
35:06 Gold Mining
35:06 Stone Mining
34:58 Horse Collar
36:59 Fletching
38:25 Chemistry
[SEID]PrimeroDeLínea
8:04 Feudal Age
8:45 Double-Bit Axe
9:50 Horse Collar
18:33 Castle Age
17:52 Bloodlines
18:43 Scale Barding Armor
18:40 Light Cavalry
21:09 Bow Saw
23:45 Chain Barding Armor
24:08 Wheelbarrow
25:16 Chain Barding Armor
25:29 Husbandry
25:44 Heavy Plow
28:18 Hand Cart
31:50 Imperial Age
30:33 Forging
31:16 Gold Mining
31:52 Hussar
33:33 Plate Barding Armor
35:11 Iron Casting
Connection lost

Rejoining the realm…

Still unreachable

The connection could not be restored.

Session expired

The server has moved on; the page needs a fresh start.